 Dungeon Crawl Stone Soup version 0.19.5 (webtiles) character file.

663 Shoikan the Cudgeler (level 7, -14/61 HPs)
             Began as a Minotaur Berserker on Mar 19, 2017.
             Was an Elder of Trog.
             Killed from afar by North's ghost (24 damage)
             ... with an orb of energy
             ... on level 4 of the Dungeon.
             The game lasted 00:21:20 (4029 turns).

Shoikan the Cudgeler (Minotaur Berserker)           Turns: 4029, Time: 00:21:21

Health: -14/61     AC: 15    Str: 21    XL:     7   Next: 31%
Magic:  2/2        EV:  7    Int:  4    God:    Trog [****..]
Gold:   218        SH:  4    Dex: 12    Spells: 0 memorised, 6 levels left

rFire  . . .     SeeInvis .     y - +1 flail (antimagic)
rCold  . . .     Gourm    +     l - +0 plate armour
rNeg   . . .     Faith    .     q - +0 buckler
rPois  .         Spirit   .     (helmet restricted)
rElec  .         Reflect  .     k - +2 cloak
rCorr  .         Harm     .     (no gloves)
MR     .....                    (no boots)
Stlth  ..........               g - amulet of the gourmand
                                (no ring)
                                d - ring of stealth

@: exhausted, slowed, very slow
A: retaliatory headbutt, horns 2
a: Berserk, Trog's Hand, Brothers in Arms, Burn Spellbooks, Renounce Religion


You were on level 4 of the Dungeon.
You worshipped Trog.
Trog was greatly pleased with you.
You were full.

You visited 1 branch of the dungeon, and saw 5 of its levels.
You also visited: Sewer.

You collected 218 gold pieces.

Inventory:

Hand Weapons
 y - a +1 antimagic flail (weapon)
 A - a +6 whip of electrocution
Armour
 k - a +2 cloak (worn)
 l - a +0 plate armour (worn)
 q - a +0 buckler (worn)
Jewellery
 d - a ring of stealth (left hand)
 g - an amulet of the gourmand (around neck)
Wands
 x - a wand of slowing (11/48)
Scrolls
 a - a scroll of fear {unknown}
 n - 2 scrolls of magic mapping
 s - a scroll of amnesia {unknown}
 u - a scroll of noise {unknown}
 v - a scroll of recharging {unknown}
Potions
 e - a potion of experience {unknown}
 f - a potion of mutation {unknown}
 h - a potion of resistance
 i - a potion of cancellation {unknown}
 j - a potion of haste {unknown}
 o - 5 potions of curing
 p - 3 potions of heal wounds
 r - a potion of might {unknown}
 t - 2 potions of brilliance {unknown}
Comestibles
 b - a royal jelly
 c - a bread ration
 z - a meat ration


   Skills:
 + Level 5.1 Fighting
   Level 2.2(5.1) Axes
 + Level 7.3(7.5) Maces & Flails
 + Level 5.0 Armour
 + Level 2.8 Dodging
 + Level 1.0 Stealth
 + Level 1.4 Shields


You had 6 spell levels left.
You didn't know any spells.

Dungeon Overview and Level Annotations

Branches:
Dungeon (5/15)
 Temple: D:4-7

Altars:

Annotations:
D:4 North's ghost, amateur DECj


Innate Abilities, Weirdness & Mutations

You reflexively headbutt those who attack you in melee.
You have a pair of horns on your head.


Message History

You found a teleport trap!
You are no longer berserk.
You are exhausted.
You feel yourself slow down.
North's ghost shrieks, "What do you have that I didn't have?"
North's ghost points at you and mumbles some strange words.
You block the orb of energy.
The orb of energy explodes!
You miss North's ghost. Your headbutt misses North's ghost.
North's ghost is almost destroyed.
North's ghost gestures at you while chanting.
The orb of energy misses you. North's ghost hits you.
* * * LOW HITPOINT WARNING * * *
Space warps horribly around you!
* * * LOW HITPOINT WARNING * * *
You miss North's ghost.
North's ghost is severely damaged.
North's ghost wails.
North's ghost casts a spell at you. The orb of energy hits you!
You die...

≈≈≈≈≈≈.# ..... .......# ......
.......# ..?... .......# #......
<......# #####....... .......#
#........... .....>.#
###....#.....? ......##
##......#......
.....######§.#.W@........
#.##.###....##...........
.........#####..^........ ..
.......### #....#.##.## #.
)).....## #....#$...# #.#
#..###..## ###.......# #...
#...###..# ####..##....# #..#
#.#...##.###....##..#...# #..#
.(.....#...#.####...###..##.h###.


You could see North's ghost.

Vanquished Creatures
  2 big kobolds (Sewer)
  A bullfrog skeleton (D:4)
  3 orc wizards
  Terence (D:3)
  Natasha (thrice) (D:3)
  2 worker ants (D:4)
  Robin (D:3)
  7 gnolls
  4 adders
  2 oozes (Sewer)
  2 worms
  2 dart slugs
  A leopard gecko (D:3)
  10 orcs
  4 ball pythons
  8 giant cockroaches
  6 hobgoblins
  13 jackals
  3 quokkas
  8 bats
  5 frilled lizards
  16 goblins
  16 kobolds
  A leopard gecko skeleton (D:4)
  8 rats
129 creatures vanquished.

Vanquished Creatures (collateral kills)
  A worker ant (D:4)
1 creature vanquished.

Grand Total: 130 creatures vanquished

Notes
Turn   | Place    | Note
-------+----------+-------------------------------------------
     0 | D:1      | Shoikan the Minotaur Berserker began the quest for the Orb.
     0 | D:1      | Reached XP level 1. HP: 19/19 MP: 0/0
   106 | D:1      | Reached skill level 4 in Maces & Flails
   106 | D:1      | Reached XP level 2. HP: 18/27 MP: 1/1
  1042 | D:2      | Reached XP level 3. HP: 20/33 MP: 2/2
  1555 | D:2      | Reached ** piety under Trog
  1673 | D:2      | Reached XP level 4. HP: 32/41 MP: 3/3
  1975 | D:3      | You fall through a shaft!
  1992 | D:4      | Reached skill level 5 in Maces & Flails
  1997 | D:4      | Reached XP level 5. HP: 42/47 MP: 4/4
  2201 | D:3      | Noticed Natasha
  2206 | D:3      | Killed Natasha
  2268 | D:3      | Found a glowing drain.
  2278 | Sewer    | Entered a sewer
  2455 | Sewer    | Reached *** piety under Trog
  2455 | Sewer    | Reached skill level 6 in Maces & Flails
  2455 | Sewer    | Reached XP level 6. HP: 45/53 MP: 5/5
  2542 | Sewer    | Reached skill level 1 in Stealth
  2636 | D:3      | Noticed Natasha
  2642 | D:3      | Killed Natasha
  2767 | D:3      | Reached skill level 7 in Maces & Flails
  2868 | D:3      | Noticed Natasha
  2881 | D:3      | Killed Natasha
  3238 | D:3      | Noticed Terence
  3246 | D:3      | Killed Terence
  3246 | D:3      | Reached skill level 1 in Axes
  3246 | D:3      | Reached XP level 7. HP: 56/60 MP: 3/6
  3345 | D:3      | Reached skill level 5 in Fighting
  3399 | D:3      | Noticed Robin
  3402 | D:3      | Reached skill level 1 in Shields
  3403 | D:3      | Reached **** piety under Trog
  3403 | D:3      | Received a gift from Trog
  3410 | D:3      | Killed Robin
  3714 | D:4      | Reached skill level 5 in Armour
  3737 | D:4      | Noticed North's ghost (amateur DECj)
  3833 | D:5      | Entered Level 5 of the Dungeon
  4029 | D:4      | Killed from afar by North's ghost

Skill      XL: |  1  2  3  4  5  6  7 |
---------------+----------------------+-----
Maces & Flails | 4 5 6 7 |  7.3
Fighting       | 4 5 |  5.1
Armour         | 3 4 5 |  5.0
Stealth        | 1 |  1.0
Axes           | 1 2 |  2.2
Shields        | 1 |  1.4
Dodging        | |  2.8

Action                   |  1- 3 |  4- 6 |  7- 9 || total
-------------------------+-------+-------+-------++-------
Melee: Mace              |    28 |   134 |       ||   162
       Whip              |    65 |       |       ||    65
       Headbutt          |    16 |    32 |    10 ||    58
       War axe           |       |    33 |    40 ||    73
       Flail             |       |       |    23 ||    23
Invok: Berserk           |       |       |     2 ||     2
       Brothers in Arms  |       |       |     1 ||     1
  Use: Scroll            |     2 |     6 |     2 ||    10
       Potion            |       |     1 |       ||     1
 Stab: Sleeping          |     1 |       |       ||     1
  Eat: Chunk             |    11 |     6 |     2 ||    19
Armor: Animal skin       |     3 |       |       ||     3
       Plate armour      |    38 |   149 |    60 ||   247
       Leather armour    |     9 |       |       ||     9
Dodge: Dodged            |    54 |    77 |    17 ||   148
Block: Buckler           |       |    20 |    10 ||    30
